AoeStats
← Kokosfett Klaus

Arabia

509177193Analyzed
4v4 RM · 8d ago on Sep 25, 2026· 50m 46s· 8 players
Game mode
Random Map
Map size
Large (8 player)
Population
200
Speed
Normal
Resources
Standard
Victory
Conquest
Starting age
Dark Age
Ending age
Imperial Age
RankedLock teamsTeams togetherTeam positionsShared explorationLock speedFull tech treeHidden civsTurbo modeCheats
Victory
Defeat
🇩🇪 Maya · Germany
1087
+15
🇩🇪 Franks · Germany
1086
+15
🇮🇹 Burgundians · Italy
1084
+15
🇮🇳 Hindustanis · India
1068
+16
1124
-18
🇩🇪 Britons · Germany
1120
-18
🇩🇪 Saxons · Germany
1046
-14
🇩🇪 Khmer · Germany
954
-11
First Passage Time Problem
6:43 Loom
10:13 Feudal Age
10:50 Double-Bit Axe
10:46 Horse Collar
15:33 Scale Barding Armor
16:54 Forging
21:40 Castle Age
21:05 Bloodlines
22:50 Light Cavalry
23:31 Husbandry
29:41 Wheelbarrow
28:52 Town Watch
31:36 Gold Mining
34:45 Iron Casting
36:02 Chain Barding Armor
36:57 Hand Cart
40:44 Fletching
45:26 Imperial Age
44:08 Stone Mining
44:10 Vendel Legacy
47:21 Conscription
46:55 Treadmill Crane
46:40 Cavalier
47:56 Plate Barding Armor
48:22 Blast Furnace
48:10 Ballistics
50:35 Murder Holes
50:53 Masonry
LegoLaser
5:50 Loom
10:40 Feudal Age
16:39 Castle Age
16:04 Double-Bit Axe
16:52 Bloodlines
19:25 Scale Barding Armor
20:38 Forging
21:29 Gold Mining
22:41 Horse Collar
24:02 Iron Casting
26:04 Heavy Plow
26:46 Bow Saw
28:24 Husbandry
30:26 Light Cavalry
35:12 Imperial Age
34:00 Stone Mining
35:36 Gold Shaft Mining
35:48 Cavalier
41:04 Conscription
41:51 Chain Barding Armor
44:56 Stone Shaft Mining
46:58 Wheelbarrow
46:30 Town Watch
50:19 Blast Furnace
50:12 Murder Holes
50:38 Fletching
51:18 Hand Cart
Kabelbinder
6:11 Loom
9:06 Feudal Age
9:54 Double-Bit Axe
14:59 Fletching
21:19 Castle Age
20:49 Padded Archer Armor
21:56 Bodkin Arrow
22:12 Bow Saw
21:25 Crossbowman
27:20 Ballistics
29:49 Pikeman
30:29 Squires
31:20 Wheelbarrow
33:09 Hand Cart
36:00 Imperial Age
33:33 Town Watch
34:08 Gold Mining
34:02 Horse Collar
34:13 Stone Mining
35:44 Leather Archer Armor
35:30 Scale Mail Armor
35:40 Forging
38:15 Chemistry
38:06 Chain Mail Armor
37:52 Bracer
37:46 Halberdier
38:47 Murder Holes
40:02 Arbalester
41:21 Yeomen
40:45 Capped Ram
42:19 Masonry
41:49 Treadmill Crane
42:33 Conscription
41:39 Man-at-Arms
42:04 Gambesons
42:05 Arson
42:32 Long Swordsman
43:59 Iron Casting
43:22 Two-Handed Swordsman
46:07 Plate Mail Armor
46:37 Blast Furnace
46:08 Ring Archer Armor
45:48 Champion
47:00 Elite Skirmisher
50:01 Coinage
50:31 Hoardings
50:45 Town Patrol
Kokosfett Klaus
5:20 Loom
10:24 Feudal Age
19:40 Castle Age
18:40 Fletching
18:51 Padded Archer Armor
20:40 Bodkin Arrow
25:12 Forging
25:08 Scale Barding Armor
31:01 Wheelbarrow
30:12 Town Watch
36:07 Hand Cart
46:04 Double-Bit Axe
Kauly | TTV
9:21 Loom
12:31 Feudal Age
16:48 Castle Age
16:07 Double-Bit Axe
16:30 Scale Barding Armor
20:26 Husbandry
21:04 Forging
25:08 Wheelbarrow
24:45 Bow Saw
28:59 Chain Barding Armor
31:08 Gold Mining
33:10 Hand Cart
34:34 Iron Casting
34:30 Town Watch
40:41 Imperial Age
42:26 Conscription
41:30 Cavalier
43:07 Fletching
44:16 Chivalry
43:43 Elite Skirmisher
46:03 Plate Barding Armor
45:18 Paladin
48:00 Blast Furnace
Kellokz
9:21 Feudal Age
10:12 Feudal Age
12:06 Loom
15:39 Double-Bit Axe
15:48 Gold Mining
17:14 Horse Collar
18:17 Fletching
18:28 Padded Archer Armor
23:18 Castle Age
23:29 Crossbowman
24:18 Thumb Ring
24:40 Bow Saw
24:29 Bodkin Arrow
26:04 Wheelbarrow
27:26 Ballistics
28:32 Hand Cart
34:05 Leather Archer Armor
39:21 Imperial Age
40:48 Conscription
39:52 Arbalester
40:53 Bracer
41:23 Ring Archer Armor
41:56 Chemistry
43:39 Heavy Plow
44:41 Two-Man Saw
50:09 Capped Ram
fede86sando
11:25 Feudal Age
10:00 Double-Bit Axe
16:30 Castle Age
15:52 Gold Mining
16:38 Cavalier
22:46 Wheelbarrow
23:49 Hand Cart
27:36 Fletching
33:15 Scale Barding Armor
33:44 Husbandry
35:51 Forging
40:46 Imperial Age
39:11 Gold Shaft Mining
39:41 Pikeman
42:11 Burgundian Vineyards
42:18 Elite Coustillier
46:10 Chain Barding Armor
47:08 Iron Casting
50:17 Plate Barding Armor
Arham
4:52 Loom
10:19 Feudal Age
13:21 Horse Collar
15:08 Double-Bit Axe
15:45 Bloodlines
17:31 Scale Barding Armor
18:34 Forging
22:57 Castle Age
27:48 Heavy Plow
36:49 Chain Barding Armor
39:17 Scale Mail Armor
43:02 Iron Casting
44:08 Gold Mining
44:24 Guard Tower
49:58 Imperial Age
47:47 Chain Mail Armor
47:55 Fletching
50:19 Wheelbarrow
52:16 Chemistry
Connection lost

Rejoining the realm…

Still unreachable

The connection could not be restored.

Session expired

The server has moved on; the page needs a fresh start.